 Dungeon Sprint DCSS version 0.28.0-53-g5a82cb258f (webtiles) character file.

Game seed: 1984226958599848309

9146 Zeld the Eclecticist (level 11, -3/54 HPs)
             Began as a Deep Elf Conjurer on May 29, 2022.
             Was a High Priest of Sif Muna.
             Slain by a ghost moth (7 damage)
             ... in the Dungeon (Sprint IV: "Fedhas' Mad Dash").
             The game lasted 00:10:25 (4579 turns).

Zeld the Eclecticist (Deep Elf Conjurer)            Turns: 4579, Time: 00:10:26

Health: -3/54      AC:  5    Str:  4      XL:     11   Next: 19%
Magic:  0/37       EV: 19    Int: 26 (28) God:    Sif Muna [*****.]
Gold:   36         SH:  0    Dex: 13      Spells: 13/51 levels left

rFire   . . .      SeeInvis .   (no weapon)
rCold   . . .      Faith    .   (no shield)
rNeg    . . .      Spirit   .   a - +0 robe
rPois   .          Reflect  .   (no helmet)
rElec   .          Harm     .   n - +2 cloak {Will+}
rCorr   .          Rampage  .   (no gloves)
Will    ++...      NoTele   +   (no boots)
Stlth   ++++......              i - amulet of invisibility {+Inv}
HPRegen 0.18/turn               k - +4 ring of evasion
MPRegen 0.25/turn               (no ring)

@: channelling
A: no striking features
a: Renounce Religion, Evoke Invisibility, Channel Magic, Forget Spell, Divine
Exegesis


You were in the Dungeon.
You worshipped Sif Muna.
Sif Muna was extremely pleased with you.
You visited 1 branch You collected 189 gold pieces.
You spent 153 gold pieces at shops.

Inventory:

Armour
 a - a +0 robe (worn)
 n - a +2 cloak of willpower (worn)
Jewellery
 i - the amulet of invisibility (around neck) {+Inv}
   (You found it in the Dungeon)

   [amulet of nothing]

   +Inv:      It lets you turn invisible.
 k - a +4 ring of evasion (left hand)
Wands
 m - a wand of flame (9)
Scrolls
 h - 3 scrolls of holy word {unknown}
 j - 2 scrolls of torment {unknown}
 l - 2 scrolls of identify {unknown}
 o - a scroll of summoning {unknown}
 r - a scroll of fog {unknown}
Potions
 b - a potion of curing
 d - a potion of haste
 e - 2 potions of magic
 f - a potion of berserk rage
 p - 2 potions of might {unknown}
 q - a potion of flight {unknown}
 s - a potion of brilliance {unknown}


   Skills:
 - Level 8.0 Dodging
 - Level 8.0 Stealth
 * Level 20.7 Spellcasting
 * Level 18.2 Conjurations
 - Level 2.0 Hexes
 - Level 2.0 Translocations
 + Level 6.2 Air Magic
 - Level 12.0 Invocations


You had 13 spell levels left.
You knew the following spells:

 Your Spells              Type           Power      Damage    Failure   Level
a - Magic Dart            Conj           100%       1d8       0%          1
b - Searing Ray           Conj           100%       2d8       0%          2
c - Fulminant Prism       Conj/Hex       34%        3d16      1%          4
d - Iskenderun's Mystic   Conj/Tloc      68%        2d14      1%          4
e - Lightning Bolt        Conj/Air       37%        1d55      1%          5
f - Conjure Ball Lightni  Conj/Air       37%        3x3d12    1%          6
g - Chain Lightning       Conj/Air       37%        3d49      100%        9
y - Cause Fear            Hex            18%        N/A       7%          4
z - Dazzling Flash        Conj/Hex       100%       N/A       1%          3

Your spell library contained the following spells:

 Spells                   Type           Power      Damage    Failure   Level
 Beastly Appendage        Tmut           52%        N/A       1%          1
 Foxfire                  Conj/Fire      100%       2x1d9     1%          1
 Freeze                   Ice            100%       1d11      1%          1
 Conjure Flame            Conj/Fire      65%        6-21      1%          3
 Mephitic Cloud           Conj/Pois/Air  62%        N/A       1%          3
 Tukima's Dance           Hex            37%        N/A       1%          3
 Airstrike                Air            28%        N/A       1%          4
 Flame Wave               Conj/Fire      65%        2d12      1%          4
 Hailstorm                Conj/Ice       65%        3d14      1%          4
 Wereblood                Tmut           26%        N/A       2%          2
 Inner Flame              Hex/Fire       32%        N/A       3%          3
 Frozen Ramparts          Ice            52%        1d7       4%          3
 Spider Form              Tmut/Pois      26%        N/A       4%          3
 Summon Lightning Spire   Summ/Air       43%        N/A       4%          4
 Anguish                  Hex/Necr       16%        N/A       10%         4
 Summon Cactus Giant      Summ           13%        N/A       93%         6
 Storm Form               Tmut/Air       21%        N/A       98%         7
 Enfeeble                 Hex            18%        N/A       99%         7
 Haunt                    Necr/Summ      13%        N/A       100%        7
 Malign Gateway           Summ/Tloc      16%        N/A       100%        7
 Summon Hydra             Summ           13%        N/A       100%        7
 Discord                  Hex            18%        N/A       100%        8
 Maxwell's Capacitive Co  Air            28%        ∞         100%        8
 Dragon's Call            Summ           13%        N/A       100%        9


Dungeon Overview and Level Annotations

Branches:
Dungeon (1/1)

Altars:
Cheibriados
Dithmenos
Elyvilon
Gozag
Hepliaklqana
Kikubaaqudgha
Makhleb
Nemelex Xobeh
Okawaru
Qazlal
Ru
Sif Muna
Trog
Uskayaw
Vehumet
Wu Jian
Xom
Yredelemnul
Zin
The Shining One
Beogh
Jiyva
Lugonu

Shops:
D *![!(:(!


Message History

You hear a mighty clap of thunder!
The bolt of lightning hits something.
You feel you are being watched by something.
You feel your power leaking away.
You feel you are being watched by something.
You feel your power leaking away.
Unknown command.
Casting: Lightning Bolt (dangerous; 1% risk of failure)
Confirm with . or Enter, or press ? or * to list all spells.
Okay, then.
Casting: Lightning Bolt (dangerous; 1% risk of failure)
Confirm with . or Enter, or press ? or * to list all spells.
You can't see any susceptible monsters within range! (Use Z to cast anyway.) Unknown command.
You feel you are being watched by something.
You feel your power leaking away.
Okay, then.
Something hits you!
You feel dopey.
Deactivating autopickup; reactivate with Ctrl-A.
Something hits you! Something stings you!
* * * LOW HITPOINT WARNING * * *
Unknown command.
Okay, then.
You feel much better.
You feel you are being watched by something.
You feel your power leaking away. Something hits you!
You feel dopey. Something hits you! Something stings you!
* * * LOW HITPOINT WARNING * * *
You feel you are being watched by something.
You feel your power leaking away.
You feel you are being watched by something.
Something hits you.
* * * LOW HITPOINT WARNING * * *
Something hits you.
* * * LOW HITPOINT WARNING * * *
Something stings you!
You die...

......♣.....#...#################
††...♣..♣..######♣♣♣♣♣..♣.###.'..
#'####'######..'....)....♣##..#).
(.#....'.......#♣..♣♣♣....###.##'
..#.[###.......#.♣♣..♣...♣'...#♣)
###############################.)
..................# ###..♣.
................P.#####...♣..
............@..)P....).....♣.
................P...#########
######+##############


There were no monsters in sight!

Vanquished Creatures
  Agnes (D)
  A spriggan defender (D)
  A spriggan berserker (D)
  A spriggan druid (D)
  6 oklob plants (D)
  2 demonic crawlers (D)
  3 wandering mushrooms (D)
  3 burning bushes (D)
  A queen bee (D)
  3 hornets (D)
  3 scorpions (D)
  4 killer bees (D)
  5 oklob saplings (D)
  7 spriggans (D)
  A river rat (D)
  A rat (D)
  2 ballistomycete spores (D)
45 creatures vanquished.

Vanquished Creatures (others)
  7 fulminant prisms (D)
  2 fungi (D)
9 creatures vanquished.

Grand Total: 54 creatures vanquished

Notes
Turn   | Place    | Note
-------+----------+-------------------------------------------
     0 | D        | Zeld the Deep Elf Conjurer began the quest for the Orb.
     0 | D        | Reached XP level 1. HP: 10/10 MP: 6/6
    10 | D        | Reached skill level 4 in Spellcasting
    10 | D        | Reached skill level 5 in Conjurations
    10 | D        | Reached XP level 2. HP: 15/15 MP: 1/9
   182 | D        | Learned a level 2 spell: Searing Ray
   185 | D        | Reached skill level 5 in Spellcasting
   372 | D        | Noticed a scorpion
   378 | D        | Killed a scorpion
   379 | D        | Reached skill level 7 in Spellcasting
   379 | D        | Reached XP level 3. HP: 11/19 MP: 5/14
   379 | D        | Reached XP level 4. HP: 14/24 MP: 5/15
   383 | D        | Learned a level 3 spell: Dazzling Flash
   388 | D        | Learned a level 4 spell: Fulminant Prism
   393 | D        | Learned a level 4 spell: Iskenderun's Mystic Blast
   605 | D        | Reached skill level 8 in Spellcasting
   605 | D        | Reached skill level 1 in Hexes
   605 | D        | Reached skill level 1 in Translocations
   734 | D        | Found the amulet of invisibility {+Inv}
   967 | D        | Found an opulent altar of Gozag.
   967 | D        | Found a hazy altar of Hepliaklqana.
   967 | D        | Found a burning altar of Makhleb.
   967 | D        | Found a sparkling altar of Nemelex Xobeh.
   967 | D        | Found a snail-covered altar of Cheibriados.
   967 | D        | Found a sacrificial altar of Ru.
   967 | D        | Found a shimmering blue altar of Sif Muna.
   967 | D        | Found a shimmering altar of Xom.
   967 | D        | Found a basalt altar of Yredelemnul.
   969 | D        | Found a viscous altar of Jiyva.
   969 | D        | Found a bloodstained altar of Trog.
   969 | D        | Found an ornate altar of the Wu Jian Council.
   970 | D        | Found an iron altar of Okawaru.
   970 | D        | Found a shadowy altar of Dithmenos.
   970 | D        | Found a glowing silver altar of Zin.
   971 | D        | Found an ancient bone altar of Kikubaaqudgha.
   971 | D        | Found a hide-covered altar of Uskayaw.
   972 | D        | Found a stormy altar of Qazlal.
   972 | D        | Found a glowing golden altar of the Shining One.
   972 | D        | Found a white marble altar of Elyvilon.
   973 | D        | Found a radiant altar of Vehumet.
   973 | D        | Found a corrupted altar of Lugonu.
   975 | D        | Became a worshipper of Sif Muna the Loreminder
  1113 | D        | Reached skill level 9 in Spellcasting
  1113 | D        | Reached XP level 5. HP: 28/28 MP: 10/18
  1166 | D        | Reached skill level 10 in Spellcasting
  1229 | D        | Reached * piety under Sif Muna
  1230 | D        | Reached skill level 11 in Spellcasting
  1230 | D        | Reached skill level 10 in Conjurations
  1231 | D        | Reached XP level 6. HP: 29/32 MP: 11/22
  1397 | D        | Found Ofaudwesi's Distillery.
  1397 | D        | Found Kekkir's Assorted Antiques.
  1401 | D        | Bought 2 scrolls labelled MIRIOH ONUTINN for 52 gold pieces
  1401 | D        | Bought a scroll labelled OLLOUBI PIMO for 26 gold pieces
  1604 | D        | Noticed a burning bush
  1604 | D        | Noticed a wandering mushroom
  1604 | D        | Noticed a wandering mushroom
  1607 | D        | Reached ** piety under Sif Muna
  1608 | D        | Reached skill level 12 in Spellcasting
  1610 | D        | Killed a wandering mushroom
  1611 | D        | Reached skill level 13 in Spellcasting
  1611 | D        | Reached XP level 7. HP: 36/36 MP: 9/26
  1613 | D        | Killed a wandering mushroom
  1613 | D        | Killed a burning bush
  1614 | D        | Reached skill level 15 in Spellcasting
  1614 | D        | Reached XP level 8. HP: 41/41 MP: 3/29
  1912 | D        | Learned a level 4 spell: Cause Fear
  2300 | D        | Found Vymedixemu's Book Emporium.
  2300 | D        | Found Eppem's Antique Weapon Shoppe.
  2394 | D        | Noticed a queen bee
  2401 | D        | Reached *** piety under Sif Muna
  2402 | D        | Reached skill level 1 in Invocations
  2404 | D        | Killed a queen bee
  2404 | D        | Reached **** piety under Sif Muna
  2405 | D        | Reached skill level 16 in Spellcasting
  2479 | D        | Noticed an oklob plant
  2494 | D        | Killed an oklob plant
  2495 | D        | Reached skill level 5 in Invocations
  2577 | D        | Noticed a burning bush
  2583 | D        | Killed a burning bush
  2584 | D        | Reached skill level 5 in Dodging
  2584 | D        | Reached skill level 5 in Stealth
  2584 | D        | Reached skill level 17 in Spellcasting
  2584 | D        | Reached skill level 15 in Conjurations
  2584 | D        | Reached XP level 9. HP: 45/45 MP: 22/32
  2614 | D        | Noticed a burning bush
  2614 | D        | Noticed an oklob plant
  2742 | D        | Killed a burning bush
  2821 | D        | Noticed a wandering mushroom
  2825 | D        | Reached ***** piety under Sif Muna
  2829 | D        | Killed a wandering mushroom
  2829 | D        | Received a gift from Sif Muna
  2829 | D        | Killed an oklob plant
  2832 | D        | Got Sif Muna's Reference Book on Lightness {god gift}
  2839 | D        | Learned a level 5 spell: Lightning Bolt
  2846 | D        | Learned a level 6 spell: Conjure Ball Lightning
  2915 | D        | Noticed a spriggan druid
  2928 | D        | Killed a spriggan druid
  2929 | D        | Reached skill level 18 in Spellcasting
  2929 | D        | Reached skill level 1 in Air Magic
  3071 | D        | Noticed an oklob plant conjurer
  3073 | D        | Killed an oklob plant conjurer
  3088 | D        | Learned a level 9 spell: Chain Lightning
  3146 | D        | Noticed an oklob plant
  3146 | D        | Noticed an oklob plant summoner
  3258 | D        | Noticed an oklob plant shifter
  3262 | D        | Killed an oklob plant
  3262 | D        | Killed an oklob plant summoner
  3263 | D        | Reached XP level 10. HP: 50/50 MP: 18/34
  3264 | D        | Killed an oklob plant shifter
  3454 | D        | Bought a scroll labelled TOSEOG LUPSAEDD for 26 gold pieces
  3454 | D        | Bought a bubbling silvery potion for 23 gold pieces
  3454 | D        | Bought a scroll labelled DEUG WICOUDUEL for 26 gold pieces
  3529 | D        | Noticed a spriggan rider
  3533 | D        | Received a gift from Sif Muna
  3535 | D        | Reached skill level 19 in Spellcasting
  3676 | D        | Got Sif Muna's Disquisition on Creation {god gift}
  3805 | D        | Found Duoqips's Weapon Emporium.
  3808 | D        | Found Anuemn's Distillery.
  3976 | D        | Noticed Agnes
  3978 | D        | Noticed a spriggan berserker
  3982 | D        | Noticed a spriggan defender
  3985 | D        | Noticed a death yak
  3987 | D        | Killed a spriggan berserker
  3987 | D        | Killed a spriggan defender
  3988 | D        | Reached skill level 10 in Invocations
  3993 | D        | Killed Agnes
  3994 | D        | Reached skill level 20 in Spellcasting
  3994 | D        | Reached skill level 5 in Air Magic
  3994 | D        | Reached XP level 11. HP: 20/54 MP: 11/37
  3997 | D        | Found Fang's Armour Emporium.
  4001 | D        | Found Nopeyzxo's Distillery.
  4186 | D        | Noticed a spriggan rider
  4190 | D        | Killed a spriggan rider
  4522 | D        | Received a gift from Sif Muna
  4579 | D        | Slain by a ghost moth

Illustrated notes

Levels and vault maps discovered:
D:        dungeon_sprint_fedhas [sprint_temple]

Skill      XL: |  1  2  3  4  5  6  7  8  9 10 11 |
---------------+----------------------------------+-----
Spellcasting   | 4 7 9 11 13 15 17 18 20 | 20.7
Conjurations   | 5 7 9 10 12 14 15 16 17 18 | 18.2
Hexes          | 2 |  2.0
Translocations | 2 |  2.0
Invocations    | 5 8 11 12 | 12.0
Dodging        | 5 7 8 |  8.0
Stealth        | 5 7 8 |  8.0
Air Magic      | 2 5 6 |  6.2

Action                   |  1- 3 |  4- 6 |  7- 9 | 10-12 || total
-------------------------+-------+-------+-------+-------++-------
 Cast: Magic Dart        |     7 |       |     2 |     1 ||    10
       Searing Ray       |     1 |     5 |    14 |     1 ||    21
       Iskenderun's Myst |       |     2 |     8 |    22 ||    32
       Fulminant Prism   |       |     2 |     4 |     1 ||     7
       Lightning Bolt    |       |       |     5 |    20 ||    25
Invok: Channel Magic     |       |       |       |     6 ||     6
 Abil: Evoke Invisibilit |       |     4 |    10 |     3 ||    17
  Use: Scroll            |       |       |       |     1 ||     1
       Potion            |       |       |       |     1 ||     1
Armor: Robe              |     1 |       |       |     1 ||     2
Dodge: Dodged            |     1 |       |     3 |    13 ||    17
